 Dungeon Crawl Stone Soup version 0.29.1-2-gbd0b4ee654 (webtiles) character file.

Game seed: 4782755675246609461

1 bullfish the Vexing (level 1, 0/12 HPs)
             Began as a Kobold Arcane Marksman on Nov 17, 2022.
             Slain by a jackal (2 damage)
             ... on level 1 of the Dungeon.
             The game lasted 00:01:43 (41 turns).

bullfish the Vexing (Kobold Arcane Marksman)          Turns: 41, Time: 00:01:44

Health: 0/12       AC:  2    Str:  7    XL:     1   Next: 22%
Magic:  2/2        EV: 15    Int: 14    God:
Gold:   0          SH:  0    Dex: 15    Spells: 1/2 levels left

rFire   . . .      SeeInvis .   a - +1 sling
rCold   . . .      Faith    .   (no shield)
rNeg    . . .      Spirit   .   c - +0 robe
rPois   .          Reflect  .   (no helmet)
rElec   .          Harm     .   (no cloak)
rCorr   .          Rampage  .   (no gloves)
Will    .....                   (no boots)
Stlth   ++........              (no amulet)
HPRegen 0.04/turn               (no ring)
MPRegen 0.08/turn               (no ring)

@: no status effects
A: small, no large weapons, nightstalker 3
a: no special abilities


You were on level 1 of the Dungeon.
You visited 1 branch of the dungeon, and saw 1 of its levels.

Inventory:

Hand Weapons
 a - a +1 sling (weapon)
Armour
 c - a +0 robe (worn)
Scrolls
 b - a scroll of poison


   Skills:
 - Level 1.1 Fighting
 + Level 2.8 Ranged Weapons
 - Level 2.4 Dodging
 + Level 1.2 Spellcasting
 - Level 3.0 Hexes


You had one spell level left.
You knew the following spells:

 Your Spells              Type           Power      Damage    Failure   Level
a - Slow                  Hex            36%        N/A       8%          1

Your spell library contained the following spells:

 Spells                   Type           Power      Damage    Failure   Level
 Inner Flame              Hex/Fire       5%         N/A       38%         3
 Portal Projectile        Hex/Tloc       10%        N/A       38%         3
 Cause Fear               Hex            4%         N/A       58%         4


Dungeon Overview and Level Annotations

Branches:
Dungeon (1/15)

Altars:


Innate Abilities, Weirdness & Mutations

You are small and have problems with some larger weapons.
You are completely attuned to the shadows.


Message History

The sling bullet misses the jackal.
The jackal misses you. x2
Fire: a) +1 sling
Press: ? - help, Q - select action, (/) - cycle Shift-Dir - straight line, f/p - jackal
Aim: a jackal (severely wounded, 50% to hit)
You shoot a sling bullet.
The sling bullet barely misses the jackal.
The sling bullet hits the jackal.
You kill the jackal!
The jackal misses you. The jackal closely misses you.
Fire: a) +1 sling
Press: ? - help, Q - select action, (/) - cycle Shift-Dir - straight line, f - jackal
Aim: a jackal (50% to hit)
You shoot a sling bullet.
The sling bullet barely misses the jackal.
The sling bullet closely misses the jackal.
The jackal bites you.
Fire: a) +1 sling
Press: ? - help, Q - select action, (/) - cycle Shift-Dir - straight line, f/p - jackal
Aim: a jackal (50% to hit)
You shoot a sling bullet.
The sling bullet closely misses the jackal.
The sling bullet hits the jackal.
The jackal is severely wounded.
The jackal closely misses you. The jackal bites you.
Fire: a) +1 sling
Press: ? - help, Q - select action, (/) - cycle Shift-Dir - straight line, f/p - jackal
Aim: a jackal (50% to hit)
You shoot a sling bullet. The sling bullet hits the jackal.
The jackal is heavily wounded.
The jackal closely misses you. The jackal bites you. x3
* * * LOW HITPOINT WARNING * * *
The jackal attacks as you move away! The jackal misses you.
The jackal closely misses you. The jackal attacks as you move away!
The jackal bites you.
* * * LOW HITPOINT WARNING * * *
There is a staircase leading out of the dungeon here.
The jackal attacks as you move away! The jackal misses you.
The jackal bites you.
You die...

.... ..h ###'#####
#..h....#
+.>.>.>.+.##....##
#.......# #......
######### #..[...
#..h....####.#....
+.@h<...'†...####.
#.......######
#########


You could see 2 jackals.

Vanquished Creatures
  A jackal (D:1)
1 creature vanquished.

Notes
Turn   | Place    | Note
-------+----------+-------------------------------------------
     0 | D:1      | bullfish the Kobold Arcane Marksman began the quest for the
                  | Orb.
     0 | D:1      | Reached XP level 1. HP: 12/12 MP: 2/2
    41 | D:1      | Slain by a jackal

Illustrated notes

Levels and vault maps discovered:
D:1:      minmay_arrival_up_and_down, layout_basic, minmay_tetromino_s2

Action                   || total
-------------------------++-------
 Fire: Sling             ||     8
 Cast: Slow              ||     2
Armor: Robe              ||     1
Dodge: Dodged            ||     9
